 Dungeon Crawl Stone Soup version 0.32-a0-558-g233958a4c4 (webtiles) character file.

Game seed: 3186915901872436968

160334 MackTheKnife the Warrior (level 17, -3/129 HPs)
             Began as a Coglin Gladiator on Feb 29, 2024.
             Was a High Priest of Hepliaklqana.
             Slain by a steelbarb worm (29 damage)
             ... on level 4 of the Spider Nest on Mar 1, 2024.
             The game lasted 00:42:25 (28203 turns).

MackTheKnife the Warrior (Coglin Gladiator)        Turns: 28203, Time: 00:42:25

Health: -3/129     AC: 29    Str: 17    XL:     17   Next: 76%
Magic:  27/27      EV: 19    Int: 10    God:    Hepliaklqana [*****.]
Gold:   3235       SH:  0    Dex: 25    Spells: 16/16 levels left

rFire   + . .        E - +6 demon whip (venom) {mace, Minoru}
rCold   + . .        s - +9 hammer of Areoxa {protect, *Noise Fly rElec Str-4}
rNeg    . . .        h - +4 ring mail "Pafodob" {+Inv rPois Dex+7}
rPois   +            c - +2 helmet
rElec   +            K - +2 cloak {rF+}
rCorr   +            L - +0 pair of fencer's gloves {Riposte Dex+3}
SInv    .            x - +1 pair of boots of Boxo {*Slow Fly Slay+5 Stlth+}
Will    +....        (amulet unavailable)
Stlth   ++           (ring unavailable)
HPRegen 0.41/turn    (ring unavailable)
MPRegen 0.20/turn    e - bismuth hyperramjet {rPois rC+ rCorr Clar RMsl}

%: slow self (1%), repel missiles, clarity
@: about to teleport, spiked, under a protective aura, flying, studying
Spellcasting, revving
A: reduced essence, off-hand wielding, slow wielding, warmup strikes, no jewelry
a: Renounce Religion, Evoke Invisibility, Recall Ancestor, Ancestor Identity,
Transference, Idealise


You were on level 4 of the Spider Nest.
You worshipped Hepliaklqana.
Hepliaklqana was extremely pleased with you.
You visited 5 branches of the dungeon, and saw 27 of its levels.
You also visited: Ossuary, Gauntlet and Volcano.

You collected 4241 gold pieces.
You spent 1006 gold pieces at shops.


Innate Abilities, Weirdness & Mutations

Your life essence is reduced to manifest your ancestor. (-10% HP)
You can wield a second weapon in your off-hand.
It takes a long time for you to wield or remove held weapons.
Your first few attacks do less damage.
You cannot equip rings or amulets.


   Skills:
 + Level 16.2 Fighting
 - Level 14.0 Maces & Flails
 - Level 1.8 Throwing
 - Level 10.0 Armour
 - Level 10.0 Dodging
 - Level 14.0 Invocations
 - Level 16.0 Evocations


You had 16 spell levels left.
You didn't know any spells.
Your spell library contained the following spells:

 Spells                   Type           Power      Damage    Failure   Level
 Apportation              Tloc           0%         N/A       52%         1
 Magic Dart               Conj           0%         1d3       52%         1
 Sandblast                Erth           0%         2d4       52%         1
 Slow                     Hex            0%         N/A       52%         1
 Summon Small Mammal      Summ           0%         N/A       52%         1
 Blink                    Tloc           0%         N/A       67%         2
 Ensorcelled Hibernation  Hex/Ice        0%         N/A       67%         2
 Jinxbite                 Hex            0%         N/A       67%         2
 Lesser Beckoning         Tloc           0%         N/A       67%         2
 Momentum Strike          Conj/Tloc      0%         3d8       67%         2
 Searing Ray              Conj           0%         2d4       67%         2
 Static Discharge         Conj/Air       0%         3-3/arc   67%         2
 Sublimation of Blood     Necr           0%         N/A       67%         2
 Call Canine Familiar     Summ           0%         N/A       88%         3
 Confusing Touch          Hex            0%         N/A       88%         3
 Dazzling Flash           Conj/Hex       0%         N/A       88%         3
 Mephitic Cloud           Conj/Alch/Air  0%         N/A       88%         3
 Passwall                 Erth           0%         N/A       88%         3
 Sigil of Binding         Hex            0%         N/A       88%         3
 Stone Arrow              Conj/Erth      0%         3d7       88%         3
 Swiftness                Air            0%         N/A       88%         3
 Vampiric Draining        Necr           0%         2d6       88%         3
 Volatile Blastmotes      Fire/Tloc      0%         2d10      88%         3
 Airstrike                Air            0%         2d(0-16)  99%         4
 Animate Armour           Summ/Erth      0%         N/A       99%         4
 Brom's Barrelling Bould  Conj/Erth      0%         2d3       99%         4
 Cause Fear               Hex            0%         N/A       99%         4
 Dimensional Bullseye     Hex/Tloc       0%         N/A       99%         4
 Fulminant Prism          Conj/Alch      0%         3d5       99%         4
 Iskenderun's Mystic Bla  Conj/Tloc      0%         2d3       99%         4
 Manifold Assault         Tloc           0%         N/A       99%         4
 Summon Blazeheart Golem  Fire/Summ      0%         N/A       99%         4
 Summon Lightning Spire   Summ/Air       0%         N/A       99%         4
 Alistair's Intoxication  Alch           0%         N/A       100%        5
 Curse of Agony           Necr           0%         N/A       100%        5
 Lee's Rapid Deconstruct  Erth           0%         3d4*      100%        5
 Metabolic Englaciation   Hex/Ice        0%         N/A       100%        5
 Silence                  Hex/Air        0%         N/A       100%        5
 Summon Forest            Summ/Tloc      0%         N/A       100%        5
 Summon Mana Viper        Hex/Summ       0%         N/A       100%        5
 Dispersal                Tloc           0%         N/A       100%        6
 Summon Cactus Giant      Summ           0%         N/A       100%        6
 Disjunction              Tloc           0%         N/A       100%        8

Inventory:

Hand Weapons
 s - the +9 hammer of Areoxa (offhand) {protect, *Noise Fly rElec Str-4}
   (You found it on level 5 of the Dungeon)

   Str-4:     It affects your strength (-4).
   rElec:     It insulates you from electricity.
   Fly:       It grants you flight.
   *Noise:    It may make a loud noise when swung.
 E - a +6 demon whip of venom (weapon) {mace, Minoru}
   (You took it off Amaemon on level 10 of the Dungeon)
 N - the +5 flail of the Teaching Oracle {flame, *Rage rPois rN+++ Dex+3, mace}
   (You found it on level 13 of the Dungeon)

   Dex+3:     It affects your dexterity (+3).
   rPois:     It protects you from poison rN+++: It renders you almost immune to
   negative energy.
   *Rage:     It berserks you when you make melee attacks (+20% chance).
 V - the +8 trident "Anucyrri" {speed, rN+ Str+2 Int+3 Dex+3, polearm}
   (You took it off a spriggan rider on level 14 of the Dungeon)

   Str+2:     It affects your strength (+2).
   Int+3:     It affects your intelligence (+3).
   Dex+3:     It affects your dexterity (+3).
   rN+:       It protects you from negative energy.
Missiles
 a - a curare-tipped dart (quivered) {=fthrowing}
 d - 7 throwing nets {=f!fthrowing}
 n - 9 javelins {throwing}
 P - 5 silver javelins {throwing}
Armour
 c - a +2 helmet (worn)
 h - the +4 ring mail "Pafodob" (worn) {+Inv rPois Dex+7}
   (You took it off a minotaur in a Gauntlet)

   Dex+7:     It affects your dexterity (+7).
   rPois:     It protects you from poison +Inv: It lets you turn invisible.
 x - the +1 pair of boots of Boxo (worn) {*Slow Fly Slay+5 Stlth+}
   (You found it on level 10 of the Dungeon)

   Slay+5:    It affects your accuracy & damage with ranged weapons and melee
   (+5).
   Fly:       It grants you flight.
   *Slow:     It may slow you when you take damage.
   Stlth+:    It makes you more stealthy.
 K - a +2 cloak of fire resistance (worn)
   (You found it in a volcano)
 L - the +0 pair of fencer's gloves (worn) {Riposte Dex+3}
   (You found it in a Gauntlet)

   Riposte:   It allows the wearer to riposte with melee weapons, swiftly
   retaliating against missed or blocked melee attacks.
   Dex+3:     It affects your dexterity (+3).
Gizmo
 e - a bismuth hyperramjet (installed) {rPois rC+ rCorr Clar RMsl}
   (You invented it yourself on level 5 of the Lair of Beasts)

   [bismuth hyperramjet]

   rC+:       It protects you from cold.
   rPois:     It protects you from poison Clar: It protects you from confusion,
   rage, mesmerisation and fear.
   RMsl:      It protects you from missiles.
   rCorr:     It protects you from acid and corrosion.
Jewellery
 R - the amulet of Uskayaw's Reproof {RegenMP Will+ RegenMP+}
   (You took it off a deep elf archer on level 13 of the Dungeon)

   [amulet of magic regeneration]

   RegenMP:   It increases your rate of magic regeneration.
   Will+:     It increases your willpower.
   RegenMP+:  It increases your rate of magic regeneration.
 W - an amulet of faith {!P}
   (You found it on level 3 of the Spider Nest)
Wands
 f - a wand of charming (21)
   (You found it on level 5 of the Dungeon)
 j - a wand of digging (4)
   (You found it on level 6 of the Dungeon)
 v - a wand of warping (2)
   (You found it on level 7 of the Dungeon)
 w - a wand of flame (26)
   (You found it on level 5 of the Lair of Beasts)
 J - a wand of quicksilver (7)
   (You took it off Maurice on level 12 of the Dungeon)
 M - a wand of mindburst (13)
   (You found it on level 3 of the Lair of Beasts)
Scrolls
 b - 13 scrolls of teleportation {@r4}
 g - 2 scrolls of fear
 q - 3 scrolls of identify {@r1}
 r - 7 scrolls of fog
 u - 3 scrolls of blinking {!r}
 y - 3 scrolls of amnesia
 B - 2 scrolls of vulnerability {!r!r}
 O - a scroll of poison
 Q - 5 scrolls of revelation
 S - 2 scrolls of immolation {!r!r}
 U - a scroll of butterflies
Potions
 i - 3 potions of resistance
 l - a potion of cancellation
 m - 9 potions of curing {@q1}
 o - a potion of berserk rage {!q}
 t - a potion of haste {@q3}
 z - 5 potions of lignification {!q}
 A - 4 potions of brilliance
 C - 4 potions of mutation {!q}
 D - 2 potions of invisibility
 F - 4 potions of heal wounds {@q2}
 G - a potion of ambrosia
 H - 3 potions of might
 I - 2 potions of enlightenment
Miscellaneous
 k - a phial of floods
   (You found it on level 12 of the Dungeon)
 p - a condenser vane
   (You found it in a Gauntlet)
 T - a phantom mirror
   (You found it on level 14 of the Dungeon)

Dungeon Overview and Level Annotations

Branches:
Dungeon (15/15) Zot: 25680  Temple (1/1) D:4 Zot: 5987    Lair (5/5) D:11 Zot: 24129
 Shoals (0/4) Lair:3       Spider (4/4) Lair:2 Zot: 20122   Slime (0/5) Lair:5
    Orc (2/2) D:11 Zot: 10046     Elf (0/3) Orc:2        Vaults (0/5) D:13
 Depths (0/4) D:15        Ossuary (visited)         Volcano (visited)
Gauntlet (visited)

Altars:
Ashenzari
Cheibriados
Dithmenos
Elyvilon
Fedhas
Gozag
Hepliaklqana
Kikubaaqudgha
Makhleb
Nemelex Xobeh
Okawaru
Qazlal
Ru
Sif Muna
Trog
Uskayaw
Vehumet
Wu Jian
Xom
Yredelemnul
Zin
The Shining One

Shops:
D:2 *   Orc:2 *(:[

Annotations:
D:5 1 runed translucent door, Crazy Yiuf
D:10 3 runed translucent doors, Konar's ghost, journeyman CoHs; Lodul
D:13 1 runed translucent door
Lair:1 3 runed translucent doors, Xoff's ghost, journeyman GnCj

^..##..#......##^^#
†.^##^.#^#.^.#.####
........#.^^^~.~###
..........~.^.#†.^#
.....#....#^..##^####
.......^^##..#...#^~##
~~~~~~~~~~^^#.......~#
≈≈≈≈≈≈≈≈≈~~.^^......##
≈≈≈≈~~....@...#
##≈≈≈~~..sw.^.#
##≈~≈~s^.....#
##~≈~†......#
#≈~~~.^#R..~#
#~#s.^^^s...#
.^.#.^~~...^.#
.~#~^^~......~#
#~~~....#..^#


You could see the friendly Lici the battlemage, a steelbarb worm (berserk), an
orb spider (charged), a culicivora, a jumping spider (very poisoned, ally
target) and a redback.


Message History

A jumping spider is nearby!
Unknown command.
A jumping spider is nearby!
A jumping spider is nearby!
Unknown command.
A jumping spider is nearby!
Lici passes through a web.
The jumping spider leaps!
Lici points at the jumping spider and mumbles some strange words.
The stone arrow hits the jumping spider!
You whack the jumping spider with your +6 demon whip of venom!
The jumping spider is poisoned.
You sock the jumping spider with the +9 hammer of Areoxa!
Your weapon exudes an aura of protection.
Your hammer of Areoxa yelps!
You kill the jumping spider!
You hear an angry buzzing noise.
You hear a faint skittering sound. x5
You hear a skittering sound.
You hear a faint skittering sound. x3
You swap places.
An orb spider comes into view.
An orb spider is nearby!
An orb spider is nearby!
An orb spider is nearby!
A moth of wrath comes into view.
A steelbarb worm comes into view.
You swap places.
A jumping spider comes into view.
The orb spider begins to weave its threads into a brightly glowing ball.
Lici passes through a web.
You swap places.
The moth of wrath bites you but does no damage.
The orb spider weaves a glowing orb of energy.
Lici passes through a web.
An orb of destruction comes into view.
You whack the moth of wrath with your +6 demon whip of venom!
The moth of wrath is poisoned.
You bludgeon the moth of wrath with the +9 hammer of Areoxa!!
Your weapon exudes an aura of protection.
A culicivora comes into view.
The moth of wrath misses you.
You whack the moth of wrath with your +6 demon whip of venom!
You barely miss the moth of wrath with the +9 hammer of Areoxa.
The wavering orb of destruction hits you!!
A redback comes into view.
Lici closely misses the orb spider.
The moth of wrath goads the steelbarb worm on!
The steelbarb worm goes berserk! 😕 HP[-22]
You take 22 damage, and now have 107/129 hp.
You closely miss the moth of wrath with the +9 hammer of Areoxa.
You whack the moth of wrath with your +6 demon whip of venom!
The moth of wrath looks as sick as possible!
The steelbarb worm hits you!!
Barbed spikes become lodged in your body. 😮 HP[-30]
You take 30 damage, and now have 77/129 hp.
MASSIVE DAMAGE!! (PAUSE)
As you read the scroll of teleportation {@r4}, it crumbles to dust.
You feel strangely unstable.
You kill the moth of wrath!
The steelbarb worm misses you. The jumping spider barely misses you.
You riposte.
You hit the jumping spider with the +9 hammer of Areoxa.
You whack the jumping spider with your +6 demon whip of venom!
The jumping spider is poisoned.
The jumping spider bites you but does no damage.
Lici casts a spell at the orb spider.
The bolt of magma hits the orb spider!!
The steelbarb worm closely misses you.
The jumping spider misses you. x2 😮 HP[+1] Unknown command.
Unknown command.
Unknown command.
Okay, then.
The barbed spikes dig painfully into your body as you move.
The orb spider spins a strand of pure energy.
Lici passes through a web.
The steelbarb worm hits you!!
* * * LOW HITPOINT WARNING * * *
More barbed spikes become lodged in your body. 😨 HP[-39]
You take 39 damage, and now have 39/129 hp.
MASSIVE DAMAGE!! (PAUSE)
The barbed spikes dig painfully into your body as you move.
* * * LOW HITPOINT WARNING * * *
The jumping spider attacks as it pursues you!
The jumping spider pounces on you but does no damage.
The jumping spider bites you but does no damage.
Lici passes through a web.
The steelbarb worm barely misses you.
The orb spider barely misses Lici.
The jumping spider pounces on you but does no damage.
The jumping spider completely misses you. 😨 HP[-5]
You take 5 damage, and now have 34/129 hp.
Unknown command.
The barbed spikes dig painfully into your body as you move.
* * * LOW HITPOINT WARNING * * *
The steelbarb worm attacks as it pursues you!
The steelbarb worm hits you!!
You die...
Hepliaklqana delivers you to your ancestors.

Skill      XL: |  1  2  3  4  5  6  7  8  9 10 11 12 13 14 15 16 17 |
---------------+----------------------------------------------------+-----
Maces & Flails | 3 4 8 9 10 11 13 14 | 14.0
Fighting       | 8 10 12 14 16 | 16.2
Evocations     | 1 7 8 14 16 | 16.0
Dodging        | 4 7 9 10 | 10.0
Armour         | 4 6 8 10 | 10.0
Invocations    | 5 8 14 | 14.0
Throwing       | |  1.8

Action                     |  1- 3 |  4- 6 |  7- 9 | 10-12 | 13-15 | 16-18 || total
---------------------------+-------+-------+-------+-------+-------+-------++-------
  Melee: Flail             |    89 |   136 |   184 |       |       |       ||   409
         Mace              |    23 |       |    82 |   362 |   529 |   405 ||  1401
         War axe           |       |       |    40 |   147 |       |       ||   187
         Demon whip        |       |       |       |   202 |   539 |   406 ||  1147
  Throw: Dart              |       |       |       |     1 |       |       ||     1
 Invoke: Ancestor Life: Ba |       |       |     1 |       |       |       ||     1
         Ancestor Identity |       |       |     1 |       |       |       ||     1
         Recall Ancestor   |       |       |       |     2 |     5 |       ||     7
         Idealise          |       |       |       |       |    11 |     4 ||    15
Ability: Invent Gizmo      |       |       |       |       |     1 |       ||     1
  Evoke: Wand              |       |       |       |     4 |    20 |     6 ||    30
         Phial of floods   |       |       |       |       |       |     1 ||     1
         Condenser vane    |       |       |       |       |       |     1 ||     1
    Use: Scroll            |     7 |     4 |     5 |    17 |    11 |     5 ||    49
         Potion            |       |     1 |       |     2 |     2 |     1 ||     6
   Stab: Sleeping          |     2 |       |       |       |     2 |       ||     4
         Distracted        |       |       |       |     5 |     9 |    10 ||    24
 Armour: Leather armour    |    28 |       |       |       |   217 |       ||   245
         Ring mail         |    13 |    50 |   137 |   231 |   138 |   285 ||   854
         Robe              |       |       |       |       |     3 |       ||     3
  Dodge: Dodged            |    42 |    33 |    83 |   177 |   321 |   312 ||   968
         Repelled          |       |       |       |       |    17 |     9 ||    26
Riposte: Demon whip        |       |       |       |       |    17 |    47 ||    64
         Mace              |       |       |       |       |    14 |    52 ||    66

Levels and vault maps discovered:
D:1:      lightli_arrival_maybe_door_vault, layout_basic, serial_curves,
          eino_curves_02, eino_curves_02, minmay_distorted
D:2:      layout_basic, ebering_ecumenical_altar_box, serial_shops, shop
D:3:      layout_rooms, xom_butterflies, gammafunk_temple_overflow_claw
D:4:      layout_cave_pools, minmay_temple_entry_tees,
          minmay_a_box_with_orc_wizards_in_it, uniq_menkaure
D:5:      layout_loops_ring, mainiacjoe_overflow_24_doors, minmay_mini_ossuary,
          uniq_crazy_yiuf_cottage
D:6:      layout_layer_cave, minmay_puff, uniq_blork_the_orc
D:7:      layout_loops_corners, mainiacjoe_overflow_alcove_4,
          nicolae_ossuary_entry_catacombs, minmay_ruined_shrine
D:8:      layout_basic, mainiacjoe_overflow_paths, jmf_multi_god_temple2,
          nicolae_figureground_pulse
D:9:      layout_loops_ring, kennysheep_okawaru_gauntlet, feat_on_display
D:10:     layout_cave_pods, mainiacjoe_overflow_small_starburst,
          gammafunk_ghost_split, uniq_lodul, uniq_amaemon
D:11:     layout_basic, grunt_lair_entry_orc_guard_hut, erik_orc_3,
          nicolae_tso_swordbearing_angel, uniq_snorg
D:12:     layout_rooms, gauntlet_entry_generic, uniq_maurice, uniq_erolcha
D:13:     cheibrodos_ideogram_h, layout_loops_ring, erik_vaults_1,
          minmay_hidden_floor, uniq_urug, uniq_frances
D:14:     layout_cave_pools, serial_rivers, chequers_serial_rivers_large_b,
          chequers_serial_rivers_small_3, chequers_serial_rivers_micro_a,
          chequers_serial_rivers_micro_e, grunt_gozag_breadcrumbs,
          ebering_ghost_funeral_grove, uniq_jorgrun
D:15:     grunt_enter_depths_hoard, layout_rooms, serial_rivers,
          chequers_serial_rivers_large_a, chequers_serial_rivers_micro_b,
          chequers_serial_rivers_marsh, chequers_serial_rivers_micro_c,
          good_gods_mini_temple, corexii_hall_statues_l
Temple:   minmay_freezing_vapour_temple
Lair:1:   layout_cave_pods, ebering_ghost_rock_garden,
          infiniplex_staircase_pool_2
Lair:2:   lemuel_reptile_caves, layout_hall_layers, spider_nest_entry_rubble,
          lemuel_fruit_tree, infiniplex_staircase_pool
Lair:3:   layout_roguey, elwin_shoals_entry_rooms
Lair:4:   layout_hall_layers, gammafunk_ghost_necromancy,
          nicolae_volcano_entry_lava_flow
Lair:5:   hangedman_lair_tendril_chambers, layout_cave_pods, slime_entry_1,
          serial_bayou_shore_a
Spider:1: layout_spider_delve
Spider:2: layout_spider_delve, hangedman_spider_tarantella_strand
Spider:3: layout_chambers
Spider:4: grunt_spider_rune_island, uniq_arachne
Orc:1:    layout_diamond_mine
Orc:2:    st_orc_pillars, layout_caves, mines4_lemuel

Notes
Turn   | Place    | Note
-------+----------+-------------------------------------------
     0 | D:1      | MackTheKnife the Coglin Gladiator began the quest for the
                  | Orb.
     0 | D:1      | Reached XP level 1. HP: 16/16 MP: 1/1
     0 | D:1      | magus.rc [v1.9.6]
    37 | D:1      | Reached skill level 3 in Maces & Flails
   137 | D:1      | Reached XP level 2. HP: 22/22 MP: 2/2
   493 | D:1      | Reached XP level 3. HP: 27/27 MP: 3/3
   943 | D:2      | Reached skill level 4 in Maces & Flails
   980 | D:2      | Found Gaeqido's Assorted Antiques.
   988 | D:2      | Bought a scroll labelled KIHYCUG HEUF for 17 gold pieces
   988 | D:2      | Bought a scroll labelled SAPIOGE RYUZAI for 17 gold pieces
   988 | D:2      | Bought a scroll labelled KIHYCUG HEUF for 17 gold pieces
   988 | D:2      | Bought a scroll labelled ZUEHAR FEYLOYM for 17 gold pieces
  1094 | D:2      | You pick up a book of Spatial Translocations and begin
                  | reading...
  1094 | D:2      | You add the spells Blink, Momentum Strike and Lesser
                  | Beckoning to your library.
  1382 | D:2      | Found a faded altar of an unknown god.
  1592 | D:3      | Found a shimmering altar of Xom.
  1637 | D:3      | Reached XP level 4. HP: 27/33 MP: 4/4
  1669 | D:3      | You pick up a book of Spatial Translocations and begin
                  | reading...
  1753 | D:3      | Found a stormy altar of Qazlal.
  1753 | D:3      | Found a sacrificial altar of Ru.
  1754 | D:3      | Found a hide-covered altar of Uskayaw.
  2146 | D:4      | Identified a potion of experience
  2147 | D:4      | Reached skill level 8 in Fighting
  2147 | D:4      | Reached skill level 8 in Maces & Flails
  2147 | D:4      | Reached XP level 5. HP: 49/49 MP: 5/5
  2158 | D:4      | Reached XP level 6. HP: 50/56 MP: 6/6
  2269 | D:4      | Reached skill level 9 in Maces & Flails
  2331 | D:4      | You pick up a book of Burglary and begin reading...
  2331 | D:4      | You add the spells Ensorcelled Hibernation, Swiftness and
                  | Passwall to your library.
  2414 | D:4      | Noticed Menkaure
  2421 | D:5      | Entered Level 5 of the Dungeon
  2567 | D:5      | Noticed a water moccasin
  2574 | D:5      | Killed a water moccasin
  2575 | D:5      | Reached XP level 7. HP: 50/62 MP: 7/7
  3041 | D:4      | Found a staircase to the Ecumenical Temple.
  3048 | Temple   | Entered the Ecumenical Temple
  3055 | Temple   | Became a worshipper of Hepliaklqana the Forgotten
  3185 | D:4      | Killed Menkaure
  3186 | D:4      | Reached skill level 10 in Maces & Flails
  3186 | D:4      | Reached XP level 8. HP: 69/69 MP: 8/8
  3490 | D:5      | Found an opulent altar of Gozag.
  3503 | D:5      | You pick up a book of Debilitation and begin reading...
  3503 | D:5      | You add the spells Slow, Sigil of Binding, Vampiric
                  | Draining and Confusing Touch to your library.
  3744 | D:5      | Identified the +9 hammer of Areoxa {protect, *Noise Fly
                  | rElec Str-4}
  3749 | D:5      | Found a runed translucent door.
  3750 | D:5      | Noticed Crazy Yiuf
  3864 | D:5      | Reached skill level 9 in Fighting
  4436 | D:6      | Noticed a yak
  4436 | D:6      | Noticed a yak
  4452 | D:6      | Noticed a yak
  4460 | D:5      | Killed a yak
  4469 | D:6      | Noticed a yak
  4477 | D:5      | Killed a yak
  4478 | D:5      | Reached skill level 10 in Fighting
  4478 | D:5      | Reached skill level 1 in Evocations
  4478 | D:5      | Reached XP level 9. HP: 58/78 MP: 9/9
  4676 | D:6      | Reached skill level 2 in Evocations
  4685 | D:6      | Reached * piety under Hepliaklqana
  4708 | D:6      | Noticed Blork the orc
  4716 | D:6      | Killed Blork the orc
  4935 | D:6      | Reached skill level 3 in Evocations
  4937 | D:6      | Identified the +5 war axe of Lies {freeze, rF++ Int+4}
  5512 | D:6      | Reached skill level 4 in Evocations
  5551 | D:6      | Reached ** piety under Hepliaklqana
  5552 | D:6      | Remembered your ancestor Lici as a battlemage
  5747 | D:6      | Reached skill level 5 in Evocations
  6026 | D:7      | Found a glowing golden altar of the Shining One.
  6028 | D:7      | Reached skill level 6 in Evocations
  6037 | D:7      | Reached skill level 7 in Evocations
  6177 | D:7      | Reached XP level 10. HP: 41/76 MP: 10/10
  6178 | D:7      | Reached skill level 8 in Evocations
  6256 | D:7      | Reached skill level 3 in Dodging
  6276 | D:7      | Found a sand-covered staircase.
  6322 | Ossuary  | Entered an ossuary
  6453 | Ossuary  | Reached skill level 4 in Dodging
  6591 | D:7      | Reached skill level 1 in Armour
  6715 | D:7      | Found a white marble altar of Elyvilon.
  6910 | D:7      | Reached skill level 2 in Armour
  7105 | D:7      | Reached skill level 3 in Armour
  7310 | D:7      | Reached *** piety under Hepliaklqana
  7433 | D:8      | Noticed a two-headed ogre
  7442 | D:8      | Killed a two-headed ogre
  7443 | D:8      | Reached skill level 4 in Armour
  7492 | D:8      | Found a radiant altar of Vehumet.
  7851 | D:8      | Found a burning altar of Makhleb.
  7854 | D:8      | Found a snail-covered altar of Cheibriados.
  7904 | D:9      | Got the Tome of Imprecation and the Ossuary
  8090 | D:9      | You pick up a book of the Hunter and begin reading...
  8090 | D:9      | You add the spells Call Canine Familiar and Dimensional
                  | Bullseye to your library.
  8297 | D:9      | You pick up a book of Geomancy and begin reading...
  8297 | D:9      | You add the spells Sandblast, Stone Arrow and Brom's
                  | Barrelling Boulder to your library.
  8380 | D:9      | Found an iron altar of Okawaru.
  8698 | D:10     | Entered Level 10 of the Dungeon
  8698 | D:10     | Noticed Lodul
  8738 | D:10     | Reached skill level 11 in Maces & Flails
  8943 | D:10     | Found a runed translucent gate.
  8943 | D:10     | Found a runed translucent gate.
  8957 | D:10     | Reached **** piety under Hepliaklqana
  8959 | D:10     | Found a runed translucent gate.
  8960 | D:10     | Noticed Konar's ghost (journeyman CoHs)
  8960 | D:10     | Noticed a centaur warrior
  8966 | D:10     | Reached XP level 11. HP: 76/81 MP: 11/11
  9065 | D:10     | Found a shimmering blue altar of Sif Muna.
  9073 | D:10     | Noticed a two-headed ogre
  9079 | D:10     | Killed a two-headed ogre
  9134 | D:10     | Noticed Amaemon
  9155 | D:10     | Killed Amaemon
  9485 | D:10     | Reached skill level 12 in Maces & Flails
  9563 | D:10     | Identified the +1 pair of boots of Boxo {*Slow Fly Slay+5
                  | Stlth+}
 10109 | D:11     | Found a staircase to the Lair.
 10118 | D:11     | You pick up a book of Debilitation and begin reading...
 10161 | D:11     | You pick up a book of Party Tricks and begin reading...
 10161 | D:11     | You add the spells Apportation, Jinxbite and Alistair's
                  | Intoxication to your library.
 10438 | D:11     | Noticed Snorg
 10450 | D:11     | Killed Snorg
 10455 | D:11     | Reached skill level 13 in Maces & Flails
 10486 | D:11     | Found a staircase to the Orcish Mines.
 10799 | D:11     | Found a glowing golden altar of the Shining One.
 11148 | Lair:1   | Entered Level 1 of the Lair of Beasts
 11175 | Lair:1   | Reached XP level 12. HP: 75/87 MP: 10/12
 11680 | Lair:1   | Reached skill level 14 in Maces & Flails
 11742 | Lair:1   | Reached skill level 11 in Fighting
 11863 | Lair:1   | Found a runed translucent gate.
 11863 | Lair:1   | Found a runed translucent gate.
 11864 | Lair:1   | Found a runed translucent gate.
 11864 | Lair:1   | Noticed Xoff's ghost (journeyman GnCj)
 12373 | Lair:2   | Reached ***** piety under Hepliaklqana
 12399 | Lair:2   | You pick up a book of Callings and begin reading...
 12399 | Lair:2   | You add the spells Summon Small Mammal and Summon
                  | Blazeheart Golem to your library.
 12406 | Lair:2   | Found a hole to the Spider Nest.
 12511 | Lair:2   | Reached skill level 12 in Fighting
 12559 | Lair:2   | Reached skill level 1 in Invocations
 12565 | Lair:2   | Reached skill level 2 in Invocations
 12659 | Lair:2   | Reached skill level 3 in Invocations
 12745 | Lair:2   | Reached skill level 4 in Invocations
 12850 | Lair:2   | You pick up a book of Storms and begin reading...
 12850 | Lair:2   | You add the spells Static Discharge, Airstrike and Summon
                  | Lightning Spire to your library.
 13059 | Lair:2   | Reached skill level 5 in Invocations
 13545 | Lair:3   | Reached XP level 13. HP: 97/97 MP: 17/17
 13587 | Lair:3   | Reached skill level 6 in Invocations
 13727 | Lair:3   | magus.rc [v1.9.6]
 14070 | Lair:3   | Reached skill level 7 in Invocations
 14102 | Lair:3   | Identified a scroll of acquirement
 14102 | Lair:3   | Acquired 708 gold pieces
 14343 | Lair:3   | Found a staircase to the Shoals.
 14627 | Lair:4   | Found a dark tunnel.
 14632 | Lair:4   | Reached skill level 8 in Invocations
 14643 | Volcano  | Entered a volcano
 14915 | Volcano  | Found a radiant altar of Vehumet.
 14974 | Volcano  | Reached skill level 5 in Dodging
 15149 | Lair:4   | Reached skill level 6 in Dodging
 15435 | Lair:4   | Found a runed translucent gate.
 15435 | Lair:4   | Found a runed translucent gate.
 15435 | Lair:4   | Found a runed translucent gate.
 15445 | Lair:4   | Noticed Nelug's ghost (journeyman OpSh)
 15512 | Lair:4   | Reached skill level 7 in Dodging
 15524 | Lair:4   | Killed Nelug's ghost
 15779 | Lair:4   | Acquired a manual of Invocations
 15790 | Lair:4   | Reached skill level 5 in Armour
 15816 | Lair:5   | Entered Level 5 of the Lair of Beasts
 15912 | Lair:5   | Reached skill level 6 in Armour
 15917 | Lair:5   | Reached XP level 14. HP: 91/103 MP: 20/20
 15917 | Lair:5   | Acquired a bismuth hyperramjet {rPois rC+ rCorr Clar RMsl}
 15922 | Lair:5   | Reached skill level 9 in Invocations
 16124 | Lair:5   | Reached skill level 10 in Invocations
 16491 | Lair:5   | Reached skill level 11 in Invocations
 16756 | Lair:5   | Reached skill level 12 in Invocations
 17121 | Lair:5   | You pick up a book of Debilitation and begin reading...
 17248 | Lair:5   | Reached skill level 13 in Invocations
 17399 | Lair:5   | Found a staircase to the Slime Pits.
 17669 | Orc:1    | Entered Level 1 of the Orcish Mines
 17738 | Orc:1    | Paralysed by an orc sorcerer for 4 turns
 18186 | Orc:1    | Reached ****** piety under Hepliaklqana
 18309 | Orc:2    | Entered Level 2 of the Orcish Mines
 18320 | Orc:2    | Reached skill level 14 in Invocations
 18785 | Orc:2    | Found a staircase to the Elven Halls.
 18849 | Orc:2    | Reached XP level 15. HP: 109/109 MP: 25/25
 18899 | Orc:2    | Reached skill level 13 in Fighting
 19029 | Orc:2    | Found Cinueloh's Armour Emporium.
 19032 | Orc:2    | Found Golumeif's Weapon Emporium.
 19033 | Orc:2    | Found Dicwophou's Assorted Antiques.
 19034 | Orc:2    | Found Waani's Book Shoppe.
 19037 | Orc:2    | Bought a scroll of blinking for 210 gold pieces
 19277 | Orc:2    | You pick up a book of the Senses and begin reading...
 19277 | Orc:2    | You add the spells Dazzling Flash, Mephitic Cloud, Curse of
                  | Agony and Silence to your library.
 19280 | Orc:2    | You pick up a book of Burglary and begin reading...
 19712 | Orc:2    | Bought a shiny plate armour for 728 gold pieces
 19834 | D:12     | Noticed Erolcha
 19839 | D:12     | Killed Erolcha
 19847 | D:12     | Found a gate leading to a gauntlet.
 19859 | Gauntlet | Entered a Gauntlet
 19859 | Gauntlet | Found a transporter.
 19859 | Gauntlet | Found a transporter.
 19859 | Gauntlet | Found a transporter.
 19859 | Gauntlet | Found a transporter.
 19879 | Gauntlet | Found a transporter.
 19889 | Gauntlet | Found a transporter.
 19910 | Gauntlet | Found a transporter.
 19928 | Gauntlet | Found a transporter.
 19930 | Gauntlet | Found a large runed translucent door.
 19931 | Gauntlet | Found a large runed translucent door.
 19932 | Gauntlet | Found a large runed translucent door.
 19932 | Gauntlet | Found a large runed translucent door.
 19932 | Gauntlet | Found a runed translucent door.
 19932 | Gauntlet | Found a runed translucent door.
 19962 | Gauntlet | Found a large runed translucent door.
 19963 | Gauntlet | Found a large runed translucent door.
 19964 | Gauntlet | Found a large runed translucent door.
 19964 | Gauntlet | Found a large runed translucent door.
 19965 | Gauntlet | Found a large runed translucent door.
 19966 | Gauntlet | Found a large runed translucent door.
 19967 | Gauntlet | Found a large runed translucent door.
 19967 | Gauntlet | Found a large runed translucent door.
 19968 | Gauntlet | Found a runed translucent gate.
 19968 | Gauntlet | Found a runed translucent gate.
 19968 | Gauntlet | Found a runed translucent gate.
 19970 | Gauntlet | Found a transporter.
 19980 | Gauntlet | Found a large runed translucent door.
 19980 | Gauntlet | Found a large runed translucent door.
 19981 | Gauntlet | Found a large runed translucent door.
 19982 | Gauntlet | Found a large runed translucent door.
 19986 | Gauntlet | Found a transporter.
 19996 | Gauntlet | Found a transporter.
 20011 | Gauntlet | Found a transporter.
 20016 | Gauntlet | Found the +0 pair of fencer's gloves {Riposte Dex+3}
 20109 | Gauntlet | Reached skill level 14 in Fighting
 20221 | Gauntlet | Identified the +4 ring mail "Pafodob" {+Inv rPois Dex+7}
 20233 | Gauntlet | HP: 23/113 [minotaur/+3 trident of freezing (9)]
 20432 | Gauntlet | You pick up a book of Blasting and begin reading...
 20432 | Gauntlet | You add the spells Volatile Blastmotes, Fulminant Prism and
                  | Iskenderun's Mystic Blast to your library.
 20435 | Gauntlet | You add the spells Cause Fear and Metabolic Englaciation to
                  | your library.
 20435 | Gauntlet | Got the Compilation of Curses
 20537 | D:12     | Noticed Maurice
 20543 | D:12     | Killed Maurice
 20902 | D:13     | Identified the +5 flail of the Teaching Oracle {flame,
                  | *Rage rPois rN+++ Dex+3}
 20929 | D:13     | Reached skill level 7 in Armour
 20998 | D:13     | Reached skill level 8 in Dodging
 21027 | D:13     | Noticed Urug
 21033 | D:13     | Killed Urug
 21216 | D:13     | Noticed Frances
 21223 | D:13     | Killed Frances
 21270 | D:13     | Found a gate to the Vaults.
 21365 | D:13     | Reached skill level 8 in Armour
 21451 | D:13     | Identified the amulet of Uskayaw's Reproof {RegenMP Will+
                  | RegenMP+}
 21468 | D:13     | Reached skill level 9 in Dodging
 21857 | D:13     | Found a runed translucent door.
 21857 | D:13     | Noticed a storm dragon
 21858 | D:13     | Noticed a storm dragon
 21858 | D:13     | Noticed a tengu reaver
 21943 | D:14     | Reached XP level 16. HP: 117/119 MP: 26/26
 22050 | D:14     | Reached skill level 9 in Armour
 22073 | D:14     | Found an opulent altar of Gozag.
 22117 | D:14     | Found a runed translucent door.
 22119 | D:14     | Noticed Qadyel's ghost (adept TeAE)
 22121 | D:14     | Identified the +8 trident "Anucyrri" {speed, rN+ Str+2
                  | Int+3 Dex+3}
 22246 | D:14     | Reached skill level 10 in Dodging
 22262 | D:14     | Noticed Jorgrun
 22276 | D:14     | Killed Jorgrun
 22318 | D:14     | Identified the +2 robe of Hilez {rPois rC+}
 22373 | D:14     | You pick up a book of Conjurations {@e2} and begin
                  | reading...
 22373 | D:14     | You add the spells Magic Dart and Searing Ray to your
                  | library.
 22643 | D:14     | Reached skill level 10 in Armour
 22652 | D:14     | Killed Qadyel's ghost
 22821 | D:15     | Entered Level 15 of the Dungeon
 22844 | D:15     | Reached skill level 9 in Evocations
 22880 | D:15     | Reached skill level 10 in Evocations
 23187 | D:15     | You pick up a book of the Warp and begin reading...
 23187 | D:15     | You add the spells Manifold Assault, Dispersal and
                  | Disjunction to your library.
 23199 | D:15     | You pick up a book of Conjurations {@e2} and begin
                  | reading...
 23464 | D:15     | Reached skill level 11 in Evocations
 23469 | D:15     | Found a glowing golden altar of the Shining One.
 23469 | D:15     | Found a glowing silver altar of Zin.
 23469 | D:15     | Found a white marble altar of Elyvilon.
 23629 | D:15     | Reached skill level 12 in Evocations
 23859 | D:15     | Found a staircase to the Depths.
 24165 | Lair:1   | magus.rc [v1.9.6]
 24222 | Spider:1 | Entered Level 1 of the Spider Nest
 24288 | Spider:1 | Reached skill level 13 in Evocations
 24943 | Spider:2 | Reached skill level 14 in Evocations
 25030 | Spider:2 | Reached XP level 17. HP: 109/125 MP: 1/27
 25261 | Spider:2 | Reached skill level 15 in Evocations
 25345 | Spider:2 | You pick up a book of Party Tricks and begin reading...
 25366 | Spider:2 | You pick up a book of the Wilderness and begin reading...
 25366 | Spider:2 | You add the spells Summon Forest, Summon Mana Viper and
                  | Summon Cactus Giant to your library.
 25653 | Spider:2 | Reached skill level 16 in Evocations
 26370 | Spider:3 | You pick up a book of Iron and begin reading...
 26370 | Spider:3 | You add the spells Animate Armour and Lee's Rapid
                  | Deconstruction to your library.
 26619 | Spider:3 | Identified the beast talisman of Fyelait {Str+3 Dex+2}
 26656 | Spider:3 | Reached skill level 15 in Fighting
 27755 | Spider:4 | Entered Level 4 of the Spider Nest
 28156 | Spider:4 | Reached skill level 16 in Fighting
 28203 | Spider:4 | HP: 26/129 [barbs]
 28203 | Spider:4 | Slain by a steelbarb worm

Vanquished Creatures
  Jorgrun (D:14)
  Frances (D:13)
  3 emperor scorpions
  A ghost moth (Spider:2)
  The ghost of Nelug the Black Belt, a journeyman OpSh of Wu Jian (Lair:4)
  2 broodmothers
  A spark wasp (Spider:3)
  A minotaur (Gauntlet)
  Snorg (D:11)
  3 entropy weavers
  2 ogre magi
  A vault guard (D:13)
  A jorogumo (Spider:4)
  2 boulder beetles
  4 centaur warriors
  4 two-headed ogres
  2 hydras
  A dancing weapon (D:13)
  A death scarab (Gauntlet)
  6 tengu warriors
  3 demonic crawlers
  2 orc high priests
  An occultist (D:15)
  Urug (D:13)
  Amaemon (D:10)
  A spectral catoblepas (Lair:4)
  3 skysharks
  3 pharaoh ants
  3 orb spiders (Spider:3)
  6 orc knights
  A spectral hydra (Gauntlet)
  2 sun moths
  5 deep elf pyromancers
  3 steelbarb worms
  23 ugly things
  An orc sorcerer (Orc:1)
  3 cyclopes
  10 wolf spiders
  Maurice (D:12)
  3 manticores
  3 moths of wrath
  2 elephants (D:11)
  5 meliai
  A kobold blastminer (Orc:2)
  A guardian serpent (Lair:5)
  9 black mambas
  An orange demon (D:10)
  2 molten gargoyles (Volcano)
  3 torpor snails
  3 gargoyles
  17 cane toads
  3 rime drakes
  3 yaktaurs (D:15)
  An unseen horror (D:11)
  A freezing wraith (D:15)
  A kobold demonologist (D:11)
  9 komodo dragons
  4 tengu conjurers
  2 red devils (Volcano)
  5 trolls
  A merfolk (Lair:3)
  16 tarantellas
  A polar bear (Lair:3)
  16 blink frogs
  2 hornets
  3 dream sheep (Lair:4)
  A vampire (D:13)
  3 slime creatures (D:13)
  16 jumping spiders
  A spriggan (D:14)
  4 wraiths
  6 wyverns
  10 culicivoras
  43 yaks
  A basilisk (shapeshifter) (D:13)
  A fire bat (Volcano)
  2 wargs
  A basilisk (Lair:5)
  44 redbacks
  8 vampire mosquitoes
  Menkaure (D:4)
  2 hydra simulacra (Lair:4)
  23 water moccasins
  2 hell hounds (Volcano)
  19 orc warriors
  A swamp drake (Lair:2)
  5 ice beasts
  3 black bears
  2 sky beasts
  A black mamba simulacrum (Lair:4)
  13 wolves
  10 ogres
  5 boggarts
  11 centaurs
  A phantom (D:5)
  2 kobold brigands
  2 elf zombies
  Blork the orc (D:6)
  14 bullfrogs
  6 scorpions
  A gnoll sergeant (D:7)
  A wight (D:8)
  5 killer bees (D:10)
  A bombardier beetle (D:4)
  2 howler monkeys
  An electric eel (Lair:2)
  3 lava snakes (Volcano)
  A human zombie (Ossuary)
  A fire crab simulacrum (Lair:4)
  3 hounds
  2 jellies
  A gnoll bouda (D:5)
  23 orc priests
  10 iguanas
  19 orc wizards
  2 sleepcaps
  4 hell rats (Lair:5)
  4 human skeletons (D:7)
  2 crocodile zombies (Ossuary)
  2 hound zombies (Ossuary)
  4 mummies
  8 gnolls
  6 adders
  A shadow imp (D:3)
  5 white imps
  2 ufetubi (D:7)
  4 adder zombies (Ossuary)
  4 dart slugs
  60 orcs
  10 ball pythons
  4 endoplasms
  3 giant cockroaches
  A gnoll zombie (Ossuary)
  6 goblins
  7 hobgoblins
  3 jackals (D:3)
  3 quokkas
  2 ball python zombies (Ossuary)
  4 bats
  11 frilled lizards
  A hobgoblin zombie (D:5)
  4 jackal zombies (Ossuary)
  2 kobolds
  6 kobold zombies
  3 orc skeletons (D:7)
  4 orc zombies
  4 rats
  A butterfly (D:3)
756 creatures vanquished.

Vanquished Creatures (collateral kills)
  The ghost of Qadyel the Stormcaller, an adept TeAE of Hepliaklqana (D:14)
  3 fire dragons (D:15)
  A centaur warrior (D:13)
  A jorogumo (Spider:3)
  Erolcha (D:12)
  A catoblepas (D:13)
  A death knight (D:15)
  A tengu warrior (D:15)
  4 orc high priests (Orc:2)
  2 demonic crawlers (Spider:1)
  A sun demon (Volcano)
  2 pharaoh ants (Spider:2)
  2 skysharks
  2 skeletal warriors
  2 orb spiders (Spider:4)
  An arcanist (D:13)
  2 steelbarb worms (Spider:1)
  A deep elf archer (D:13)
  A spectral hydra (Lair:4)
  An orc knight (Orc:2)
  An orc sorcerer (Volcano)
  A manticore (D:15)
  7 ugly things
  2 cyclopes (D:15)
  4 meliai
  A black mamba (Lair:1)
  A torpor snail (Spider:4)
  3 cane toads (Lair:5)
  6 komodo dragons
  A troll (D:13)
  6 tarantellas
  2 hornets
  2 dream sheep (Lair:4)
  3 blink frogs
  4 jumping spiders
  2 culicivoras
  A wraith (D:13)
  A slime creature (D:13)
  2 wyverns (Lair:5)
  10 yaks
  A basilisk (D:15)
  A spriggan (D:14)
  13 redbacks
  2 steam dragons
  2 wargs
  4 vampire mosquitoes
  8 water moccasins (Lair:5)
  An acid dragon (D:12)
  A hydra simulacrum (Lair:4)
  13 orc warriors
  A sky beast (D:7)
  2 wolves
  4 centaurs
  A weeping skull (Ossuary)
  5 bullfrogs
  An elf zombie (D:7)
  A scorpion (D:6)
  4 killer bees (D:10)
  A lava snake (Volcano)
  A human zombie (D:7)
  8 orc priests
  An iguana (Lair:2)
  11 orc wizards
  A hell rat (Lair:5)
  2 hound zombies (Ossuary)
  2 gnolls (D:7)
  24 orcs
  A gnoll zombie (Ossuary)
  A goblin (D:9)
  A ball python zombie (Ossuary)
  4 frilled lizards (Lair:2)
  A jackal zombie (Ossuary)
  A kobold zombie (Ossuary)
216 creatures vanquished.

Vanquished Creatures (others)
  A tarantella (Spider:4)
  11 battlemagi
12 creatures vanquished.

Grand Total: 984 creatures vanquished

Table legend:
 A = Non-vault XP
 B = Vault XP
 C = Vault XP percentage of total XP
 D = Non-vault monster count
 E = Vault monster count
 F = Vault count percentage of total count
                 A         B        C        D         E       F
            +---------+---------+-------+---------+---------+-------
      Total |  153249 |   75665 |  33.1 |     648 |     323 |  33.3
            +---------+---------+-------+---------+---------+-------
        D:1 |      45 |       3 |   6.2 |      25 |       2 |   7.4
        D:2 |      13 |       0 |   0.0 |       7 |       0 |   0.0
        D:3 |      80 |       0 |   0.0 |      15 |       0 |   0.0
        D:4 |      91 |     308 |  77.2 |       8 |       5 |  38.5
        D:5 |    1583 |      22 |   1.4 |      26 |       5 |  16.1
        D:6 |    1012 |     320 |  24.0 |      14 |       6 |  30.0
        D:7 |     789 |    1280 |  61.9 |      20 |      20 |  50.0
        D:8 |    1202 |     171 |  12.5 |       9 |       2 |  18.2
        D:9 |     948 |       3 |   0.3 |      24 |       2 |   7.7
       D:10 |    2328 |    1216 |  34.3 |      18 |       2 |  10.0
       D:11 |    2223 |    3139 |  58.5 |      16 |      22 |  57.9
       D:12 |    3320 |    1400 |  29.7 |      10 |       2 |  16.7
       D:13 |    7175 |   15604 |  68.5 |      18 |      28 |  60.9
       D:14 |   14712 |    4018 |  21.5 |      34 |       6 |  15.0
       D:15 |   16901 |    1820 |   9.7 |      35 |       2 |   5.4
     Lair:1 |    4994 |       0 |   0.0 |      20 |       0 |   0.0
     Lair:2 |    5486 |    3122 |  36.3 |      28 |      32 |  53.3
     Lair:3 |    6383 |     289 |   4.3 |      30 |       1 |   3.2
     Lair:4 |    6952 |    3125 |  31.0 |      25 |       8 |  24.2
     Lair:5 |   13731 |   10389 |  43.1 |      51 |      38 |  42.7
   Spider:1 |   10122 |       0 |   0.0 |      29 |       0 |   0.0
   Spider:2 |   20636 |     277 |   1.3 |      63 |       1 |   1.6
   Spider:3 |   20589 |       0 |   0.0 |      45 |       0 |   0.0
   Spider:4 |    5024 |    7380 |  59.5 |      11 |      17 |  60.7
      Orc:1 |    3682 |     754 |  17.0 |      34 |       2 |   5.6
      Orc:2 |    3228 |   10840 |  77.1 |      33 |      61 |  64.9
    Ossuary |       0 |     469 | 100.0 |       0 |      33 | 100.0
    Volcano |       0 |    3538 | 100.0 |       0 |      13 | 100.0
   Gauntlet |       0 |    6178 | 100.0 |       0 |      13 | 100.0
            +---------+---------+-------+---------+---------+-------

Skill      XL: |  1  2  3  4  5  6  7  8  9 10 11 12 13 14 15 16 17 |
---------------+----------------------------------------------------+-----
Maces & Flails | 3 4 8 9 10 11 13 14 | 14.0
Fighting       | 8 10 12 14 16 | 16.2
Evocations     | 1 7 8 14 16 | 16.0
Dodging        | 4 7 9 10 | 10.0
Armour         | 4 6 8 10 | 10.0
Invocations    | 5 8 14 | 14.0
Throwing       | |  1.8

Action                     |  1- 3 |  4- 6 |  7- 9 | 10-12 | 13-15 | 16-18 || total
---------------------------+-------+-------+-------+-------+-------+-------++-------
  Melee: Flail             |    89 |   136 |   184 |       |       |       ||   409
         Mace              |    23 |       |    82 |   362 |   529 |   405 ||  1401
         War axe           |       |       |    40 |   147 |       |       ||   187
         Demon whip        |       |       |       |   202 |   539 |   406 ||  1147
  Throw: Dart              |       |       |       |     1 |       |       ||     1
 Invoke: Ancestor Life: Ba |       |       |     1 |       |       |       ||     1
         Ancestor Identity |       |       |     1 |       |       |       ||     1
         Recall Ancestor   |       |       |       |     2 |     5 |       ||     7
         Idealise          |       |       |       |       |    11 |     4 ||    15
Ability: Invent Gizmo      |       |       |       |       |     1 |       ||     1
  Evoke: Wand              |       |       |       |     4 |    20 |     6 ||    30
         Phial of floods   |       |       |       |       |       |     1 ||     1
         Condenser vane    |       |       |       |       |       |     1 ||     1
    Use: Scroll            |     7 |     4 |     5 |    17 |    11 |     5 ||    49
         Potion            |       |     1 |       |     2 |     2 |     1 ||     6
   Stab: Sleeping          |     2 |       |       |       |     2 |       ||     4
         Distracted        |       |       |       |     5 |     9 |    10 ||    24
 Armour: Leather armour    |    28 |       |       |       |   217 |       ||   245
         Ring mail         |    13 |    50 |   137 |   231 |   138 |   285 ||   854
         Robe              |       |       |       |       |     3 |       ||     3
  Dodge: Dodged            |    42 |    33 |    83 |   177 |   321 |   312 ||   968
         Repelled          |       |       |       |       |    17 |     9 ||    26
Riposte: Demon whip        |       |       |       |       |    17 |    47 ||    64
         Mace              |       |       |       |       |    14 |    52 ||    66

Illustrated notes

Table legend:
 A = Kills in this place as a percentage of kills in the entire game.
 B = Kills by you in this place as a percentage of kills by you in the entire game.
 C = Kills by friends in this place as a percentage of kills by friends in the entire game.
 D = Other kills in this place as a percentage of other kills in the entire game.
 E = Experience gained in this place as a percentage of experience gained in the entire game.
 F = Experience gained in this place divided by the number of levels of this place that you have seen.
                   A       B       C       D       E      F
               +-------+-------+-------+-------+-------+----------------------
         Total | 100.0 | 100.0 | 100.0 |   N/A | 100.0 | 7630.5
       Dungeon |  39.4 |  40.7 |  35.2 |   N/A |  35.7 | 5448.4
          Lair |  24.0 |  23.8 |  24.5 |   N/A |  23.8 | 10894.2
   Spider Nest |  17.1 |  17.0 |  17.6 |   N/A |  28.0 | 16007.0
  Orcish Mines |  13.4 |  12.2 |  17.6 |   N/A |   8.1 | 9252.0
       Ossuary |   3.4 |   3.4 |   3.2 |   N/A |   0.2 | 469.0
       Volcano |   1.3 |   1.3 |   1.4 |   N/A |   1.5 | 3538.0
      Gauntlet |   1.3 |   1.6 |   0.5 |   N/A |   2.7 | 6178.0
               +-------+-------+-------+-------+-------+----------------------

Table legend: (Time is in decaauts)
 A = Elapsed time spent in this place.
 B = Non-inter-level travel time spent in this place.
 C = Inter-level travel time spent in this place.
 D = Time resting spent in this place.
 E = Time spent auto-exploring this place.
 F = Levels seen in this place.
 G = Mean time per level.
                   A        B        C        D        E       F      G
               +--------+--------+--------+--------+--------+-----+--------+
         Total |  27721 |  26524 |   1197 |   4216 |  17815 |  30 |  924.0 |
       Dungeon |  14695 |  14067 |    628 |   1913 |  10019 |  15 |  979.7 |
        Temple |     12 |      7 |      5 |      0 |      0 |   1 |   12.0 |
          Lair |   5870 |   5604 |    266 |    864 |   3862 |   5 | 1174.0 |
   Spider Nest |   3876 |   3743 |    133 |    652 |   2474 |   4 |  969.0 |
  Orcish Mines |   1953 |   1789 |    164 |    389 |   1027 |   2 |  976.5 |
       Ossuary |    261 |    261 |      0 |      0 |    164 |   1 |  261.0 |
       Volcano |    482 |    482 |      0 |    187 |     86 |   1 |  482.0 |
      Gauntlet |    569 |    569 |      0 |    210 |    183 |   1 |  569.0 |
               +--------+--------+--------+--------+--------+-----+--------+

Top non-repeatable levels by time:
Spider:3: 1733 daAuts
  Lair:5: 1691 daAuts
     D:5: 1672 daAuts
     D:6: 1498 daAuts
    D:11: 1410 daAuts
  Lair:3: 1391 daAuts
    D:14: 1359 daAuts
Spider:2: 1287 daAuts
  Lair:1: 1273 daAuts
    D:10: 1210 daAuts
     D:7: 1089 daAuts
    D:13: 1082 daAuts
   Orc:1: 1029 daAuts
  Lair:2: 947 daAuts
   Orc:2: 924 daAuts
